[Event "*** Titled Tuesday Blitz"]
[Site "Chess.com"]
[Date "2020.04.28"]
[Round "4"]
[White "Bulldog167"]
[Black "LionTheLeon_06"]
[Result "0-1"]
[WhiteElo "2802"]
[BlackElo "2662"]
[TimeControl "180+1"]
[EndTime "10:42:06 PDT"]
[Termination "LionTheLeon_06 won by resignation"]

1. d4 Nf6 2. c4 e6 3. Nf3 b6 4.
Bf4 Bb7 5. e3 Bb4+ 6. Nfd2 O-O 7. a3 Be7 8. Nc3 d5 9. cxd5 exd5 10. Bd3 c5 11. Nf3 Nc6 12. h3 Re8 13. O-O Bf8 14.
Ne5 a6 15. Rc1 h6 16. Bb1 Rc8 17. Bg3 Bd6 18. f4 cxd4 19. Nxc6 Rxc6 20. exd4 Rc7 21. Bh4 Be7 22. Bxf6 Bxf6 23. Qd3 g6 24. Kh1 Rc4 25.
Ne2 Qe7 26. Rce1 Qe3 27. Qd1 Rcc8 28. Rf3 Qe7 29. Rff1 Qe3 30. Rf3 Qe7 31. Rff1 Bh4 32. g3 Bf6 33. Ng1 Qd7 34. Kh2 Rxe1 35. Rxe1 Re8 36.
Nf3 Rxe1 37. Qxe1 Kg7 38. Ne5 Qc7 39. Bd3 a5 40. h4 Bc8 41. Bb1 h5 42. Bd3 Qd6 43.
Qc3 Be6 44. Kg2 Qd8 45. Qc6 Bg4 46. Qc3 Qd6 47. Qd2 Be6 48. Bb1 Qc7 49. Qd3 Bxe5 50. dxe5 Qc5 51. Qd2 d4 52. Be4 Bd5 53. Kf3 Qc6 54.
Qxd4 Bxe4+ 55. Qxe4 Qc1 56. Qe2 Qh1+ 57. Ke3 Qg1+ 58. Kd3 Qxg3+ 59. Ke4 Qxh4 60. e6 Qe7 61. f5 gxf5+ 62. Kf4 Qxe6 63. Qg2+ Qg6 64. Qb7 h4 65. Qe7 h3 66. Qe5+ Qf6 67. Qe2 Qh6+ 68. Kxf5 h2 69. Qg2+ Qg6+ 0-1

[Event "*** Titled Tuesday Blitz"]
[Site "Chess.com"]
[Date "2020.04.28"]
[Round "4"]
[White "MeetGoku"]
[Black "SiddharthGMJagadeesh"]
[Result "1-0"]
[WhiteElo "2328"]
[BlackElo "2478"]
[TimeControl "180+1"]
[EndTime "10:42:06 PDT"]
[Termination "MeetGoku won by resignation"]

1. e4 c5 2. Nf3 Nc6 3. d4 cxd4 4. Nxd4 g6 5. c4 Bg7 6. Be3 Nf6 7. Nc3 O-O 8. Be2 b6 9. O-O Bb7 10. f3 Qb8 11. Qd2 Rd8 12. Rfd1 d6 13. a3 Rd7 14. b4 Qf8 15. Rac1 Rad8 16. Nd5 Ne8 17. Nb3 e6 18. Nc3 Nc7 19. Qe1 d5 20. cxd5 exd5 21. Nxd5 Nxd5 22. exd5 Rxd5 23. Rxd5 Rxd5 24. Bc4 Rd8 25. Rd1 Ne5 26. Bf1 Re8 27. Qf2 Qe7 28.
Bd4 Rd8 29. Re1 Qc7 30. Qb2 Re8 31. Rc1 Qd8 32. f4 Nf3+ 33. gxf3 Bh6 34. Be5 Bxf3 35. Nd4 Ba8 36. Nc6 Qd7 37. Bg2 Qg4 38. h3 Qg3 39.
Qc3 Qxc3 40. Rxc3 Bxc6 41. Bxc6 Rd8 42. b5 Rd1+ 43. Kf2 Rd2+ 44. Kg3 Bf8 45. Bf6 Bc5 46. a4 Re2 47. Rd3 Re3+ 48. Rxe3 Bxe3 49. Kf3 Bc5 50.
Be5 Kf8 51. Bb8 Ke7 52. Bxa7 Kd6 53. Bb8+ Ke6 54. Ke4 f5+ 55. Kd3 h6 56. Kc4 Be3 57. Be8 g5 58. fxg5 hxg5 59. Kd3 Bc5 60. Ke2 Kd5 61.
Bf7+ Kd4 62. Bg6 f4 63. Kf3 Kc3 64. Be5+ Kb4 65. Bf6 Kxa4 66. Be8 Kb4 67. Bxg5 Kc4 68. Bxf4 Kd5 69. Bd7 Bd4 70. h4 Bc3 71. h5 Bd4 72. h6 Ba1 73. h7 Bb2 74. Kg4 Bc3 75. Kf5 Ba1 76. Bc6+ Kc5 77. Be5 1-0

[Event "*** Titled Tuesday Blitz"]
[Site "Chess.com"]
[Date "2020.04.28"]
[Round "4"]
[White "Generalas"]
[Black "Semetey"]
[Result "1/2-1/2"]
[WhiteElo "2352"]
[BlackElo "2547"]
[TimeControl "180+1"]
[EndTime "10:42:07 PDT"]
[Termination "Game drawn - insufficient material"]

1. Nf3 d5 2. g3 Nf6 3. Bg2 c5 4. O-O Nc6 5. c4 dxc4 6. Na3 g6 7. Nxc4 Bg7 8. d3 Bd7 9. Be3 b6 10. Nfe5 Nxe5 11. Nxe5 Rc8 12. Nxd7 Qxd7 13. Qb3 O-O 14. Rac1 Rfd8 15. Rfd1 e6 16. d4 cxd4 17. Rxc8 Qxc8 18.
Rxd4 Rxd4 19. Bxd4 Qc1+ 20. Bf1 Ne4 21. Be3 Qxb2 22. Qa4 Nc3 23. Qe8+ Bf8 24. Bh6 Qa3 25. e3 Nxa2 26. Bc4 Nc3 27. Bxe6 Qe7 28. Qc8 Ne2+ 29. Kf1 Nxg3+ 30. hxg3 fxe6 31. Bxf8 Qxf8 32. Qxe6+ Qf7 33. Qc8+ Kg7 34. Qc3+ Qf6 35. Qc7+ Qf7 36. Qe5+ Kh6 37. g4 Qc4+ 38. Ke1 Qxg4 39. Qh2+ Qh5 40. Qf4+ Qg5 41.
Qh2+ Kg7 42. Qc7+ Kg8 43. Qb8+ Kf7 44. Qxa7+ Qe7 45. Qxb6 h5 46. Qd4 g5 47. Kf1 h4 48.
Qh8 Kg6 49. Qg8+ Kh5 50. Qh8+ Kg4 51. Qd4+ Kh3 52. Kg1 Qb7 53. Qd1 Qe4 54. Qf1+ Kg4 55. Qg2+ Qxg2+ 56. Kxg2 Kf5 57. Kh3 Ke4 58. f4 gxf4 59.
exf4 Kxf4 60. Kxh4 1/2-1/2

[Event "*** Titled Tuesday Blitz"]
[Site "Chess.com"]
[Date "2020.04.28"]
[Round "4"]
[White "I_Hit_18K_on_BS"]
[Black "Jenia84"]
[Result "1/2-1/2"]
[WhiteElo "2101"]
[BlackElo "2282"]
[TimeControl "180+1"]
[EndTime "10:42:08 PDT"]
[Termination "Game drawn by stalemate"]

1. e4 e5 2. Nf3 Nc6 3. Bb5 Nf6 4. O-O Nxe4 5. d4 Nd6 6. Bxc6 dxc6 7. dxe5 Nf5 8. Qxd8+ Kxd8 9. Nc3 Be7 10. Bf4 Nh4 11.
Rad1+ Ke8 12. Nxh4 Bxh4 13. Ne4 Be6 14. a3 a5 15. Rd2 b6 16. Rfd1 Rd8 17. Ng5 Rxd2 18. Rxd2 h6 19. Nf3 Be7 20. Nd4 g5 21. Bg3 c5 22.
Nc6 h5 23. Nxe7 Kxe7 24. h4 g4 25. Bf4 Rc8 26. Bg5+ Ke8 27. a4 Bf5 28. c4 Be6 29. b3 Bd7 30. Bf6 c6 31. Rd6 b5 32. Kh2 bxc4 33. bxc4 Be6 34. Kg3 Bxc4 35. Kf4 Bd5 36. Kg5 c4 37. Kxh5 c3 38. Kxg4 c2 39. Bg5 Bxg2 40. h5 Be4 41. h6 f6 42. Rxf6 Kd7 43.
Rd6+ Kc7 44. f3 Rg8 45. fxe4 Rxg5+ 46. Kxg5 c1=Q+ 47. Kg6 Qg1+ 48. Kh7 Qh1 49. Rg6 Qxe4 50. Kg7 Qxe5+ 51. Kg8 Qe8+ 52. Kh7 c5 53. Rg7+ Kc6 54. Rg8 Qe4+ 55. Rg6+ Kd5 56. Kg7 Qe7+ 57. Kg8 Qe8+ 58. Kg7 Qe7+ 59. Kg8 Qe8+ 60. Kg7 c4 61. Rg5+ Kd4 62. h7 Qe7+ 63. Kh6 Qf8+ 64. Rg7 Qf6+ 65. Rg6 Qf8+ 66. Rg7 Qf6+ 67. Rg6 Qh4+ 68. Kg7 c3 69. h8=Q Qxh8+ 70. Kxh8 c2 71. Rc6 Kd3 72. Kg7 Kd2 73.
Kf6 c1=Q 74. Rxc1 Kxc1 75. Ke5 Kb2 76. Kd5 Kb3 77. Kd4 Kxa4 78. Kc4 Ka3 79. Kc3 a4 80. Kc2 Ka2 81. Kc1 a3 82. Kc2 Ka1 83. Kc1 a2 84.
Kc2 1/2-1/2

[Event "*** Titled Tuesday Blitz"]
[Site "Chess.com"]
[Date "2020.04.28"]
[Round "4"]
[White "ALEXJR20"]
[Black "algatar2020"]
[Result "0-1"]
[WhiteElo "2186"]
[BlackElo "1882"]
[TimeControl "180+1"]
[EndTime "10:42:08 PDT"]
[Termination "algatar2020 won by checkmate"]

1. d4 g6 2. c4 Bg7 3. Nf3 Nf6 4. Nc3 d6 5. e4 Nbd7 6. Be2 e5 7. O-O O-O 8. a4 a5 9. Qc2 b6 10. Rb1 Bb7 11.
b4 axb4 12. Rxb4 Re8 13. dxe5 dxe5 14. Rd1 Qe7 15. Ba3 Nc5 16. Nd5 Bxd5 17. cxd5 Qd7 18. Bb2 Qd6 19. Rc4 Nfd7 20. Ba3 h6 21. Rc1 Qe7 22.
Nd2 Qg5 23. Nb3 Nxa4 24. Rxc7 Ndc5 25. Bxc5 Nxc5 26. Nxc5 bxc5 27. Qxc5 Ra2 28. Bf3 Qd2 29. Rc8 Rxc8 30. Qxc8+ Kh7 31. Qc5 Bf8 32. Qe3 Qa5 33.
h3 h5 34. Rc8 Bh6 35. Qc3 Qa6 36. Qc7 Qf6 37. Qb8 Ra1+ 38. Kh2 Bf4+ 39. g3 Bh6 40. Rc3 Ra2 41. Kg2 Bg7 42. d6 Rd2 43. Re3 Bh6 44.
Qb3 Bxe3 45. Qxe3 Rxd6 46. h4 Rd4 47. Be2 Qd6 48. f3 Rd2 49. Kf2 Qd4 50. Qxd4 Rxd4 51. f4 exf4 52. gxf4 Rxe4 53. Bf3 Rxf4 54. Kg3 Rxf3+ 55.
Kxf3 Kg7 56. Kf4 Kf6 57. Ke4 Ke6 58. Kf4 f6 59. Ke4 g5 60. Kf3 Kf5 61. hxg5 fxg5 62.
Kg3 h4+ 63. Kh3 Kf4 64. Kg2 g4 65. Kh2 h3 66. Kg1 Kf3 67. Kh1 g3 68. Kg1 g2 69.
Kh2 Kf2 70. Kxh3 g1=Q 71. Kh4 Qg6 72. Kh3 Qg3# 0-1

[Event "*** Titled Tuesday Blitz"]
[Site "Chess.com"]
[Date "2020.04.28"]
[Round "4"]
[White "PotapovaM"]
[Black "annamaja"]
[Result "1-0"]
[WhiteElo "2429"]
[BlackElo "2218"]
[TimeControl "180+1"]
[EndTime "10:42:09 PDT"]
[Termination "PotapovaM won by resignation"]

1. d4 Nf6 2. c4 e6 3. Nf3 d5 4. g3 Bb4+ 5. Bd2 Be7 6. Bg2 O-O 7. O-O Nbd7 8. Qc2 c6 9. Rc1 b6 10. cxd5 cxd5 11. a3 Ba6 12. e3 Rc8 13. Qa4 Rxc1+ 14. Bxc1 Qc7 15. Nc3 Bc4 16. Bd2 Ne4 17. Rc1 Nxd2 18.
Nxd2 Bd3 19. Qd1 Rc8 20. Nb3 Bc4 21. Nd2 Qd8 22. Bf1 Bxf1 23. Kxf1 a6 24. Kg2 b5 25. Qe2 Nb6 26. h4 Na4 27. Ndb1 h6 28. Qd2 Nb6 29. Qe2 Nc4 30. Rc2 Qd7 31. Qg4 a5 32.
Re2 b4 33. axb4 axb4 34. Nd1 Ra8 35. Nd2 Nd6 36. Nf3 Ra1 37. Rd2 Ne4 38. Rd3 Qa4 39. Ne5 Bf6 40. Qe2 Bxe5 41. dxe5 Qa2 42. Rd4 Qb1 43. f3 Nc5 44. Qb5 Qc2+ 45. Nf2 b3 46. Qe8+ Kh7 47. Qxf7 Re1 48. h5 Re2 49. Qg6+ Qxg6 50.
hxg6+ Kxg6 51. Rg4+ Kh7 52. Rb4 Rxb2 53. Kf1 Rxf2+ 54.
Kg1 Rb2 55. Rb5 Nd3 56. f4 Rb1+ 57. Kg2 b2 58. f5 exf5 59. e6 Rd1 60. e7 b1=Q 61. Rxb1 Rxb1 62. e8=Q Ne1+ 63. Kh3 Rb2 64. Qe6 Rh2+ 65. Kxh2 Nf3+ 66. Kh1 Ng5 67. Qxf5+ g6 68. Qxd5 Kh8 69. Qb7 Nh7 70. Qb8+ Kg7 71. e4 Kf6 72. Qd6+ Kg5 73. e5 Kg4 74. e6 Kh3 75. e7 1-0

[Event "*** Titled Tuesday Blitz"]
[Site "Chess.com"]
[Date "2020.04.28"]
[Round "4"]
[White "dzhumagaliev"]
[Black "Uzbektiger1963"]
[Result "0-1"]
[WhiteElo "2728"]
[BlackElo "2520"]
[TimeControl "180+1"]
[EndTime "10:42:10 PDT"]
[Termination "Uzbektiger1963 won by checkmate"]

1. Nf3 c5 2. g3 g6 3. Bg2 Bg7 4. h4 Nf6 5. c4 Nc6 6. Nc3 O-O 7. e4 e6 8. d3 d5 9. Bf4 Re8 10.
e5 Nh5 11. Bg5 f6 12. exf6 Nxf6 13. O-O h6 14. Bd2 d4 15. Na4 Qd6 16. a3 e5 17.
b4 cxb4 18. c5 Qd8 19. axb4 Bf5 20. b5 Nb8 21. Qb3+ Be6 22. Qb2 Nbd7 23. c6 bxc6 24. bxc6 Rb8 25. Qc1 Rc8 26. cxd7 Bxd7 27. Qb1 e4 28.
dxe4 Nxe4 29. Bf4 g5 30. hxg5 hxg5 31. Bd2 g4 32. Bf4 gxf3 33. Bxf3 Nc3 34. Nxc3 dxc3 35.
Qg6 Qf6 36. Qh5 c2 37. Rxa7 Be6 38. Rxg7+ Qxg7 39. Be5 Bf7 40. Bd5 Rxe5 41. Bxf7+ Kf8 42. Qh3 c1=Q 43. Bb3 Re1 44. Qf5+ Ke7 45. Rxe1+ Qxe1+ 46. Kg2 Rd8 47. Qc5+ Kf6 48. Qb6+ Ke7 49. Qc5+ Rd6 50. Qc7+ Rd7 51. Qc5+ Ke8 52. Qc8+ Rd8 53. Qc6+ Kf8 54.
Qc5+ Qee7 55. Qf5+ Qef6 56. Qc5+ Qge7 57. Qc4 Qb7+ 58. Kg1 Qd5 59. Qb4+ Qdd6 60. Qg4 Ke7 61. Qe4+ Qde5 62. Qh7+ Kd6 63. Qd3+ Qd4 64. Qa6+ Ke7 65. Qb7+ Rd7 66. Qc8 Qfxf2+ 67. Kh1 Qg1# 0-1

[Event "*** Titled Tuesday Blitz"]
[Site "Chess.com"]
[Date "2020.04.28"]
[Round "4"]
[White "silverback96"]
[Black "zajka-molotok"]
[Result "1-0"]
[WhiteElo "2132"]
[BlackElo "2390"]
[TimeControl "180+1"]
[EndTime "10:42:10 PDT"]
[Termination "silverback96 won on time"]

1. d4 Nf6 2. c4 e6 3. g3 d5 4. Bg2 Be7 5. Nf3 O-O 6. O-O c6 7. Nbd2 b6 8. Qc2 Bb7 9. e4 Na6 10.
a3 c5 11. exd5 exd5 12. Rd1 Rc8 13. dxc5 Nxc5 14. b4 Ne6 15. Bb2 dxc4 16. Nxc4 Qc7 17. Rac1 Qb8 18. Qf5 Qa8 19. Nce5 Be4 20. Qh3 Rxc1 21.
Rxc1 Qd5 22. Bh1 h6 23. Qf1 Ng5 24. Rd1 Qa8 25. Qe2 Re8 26. Nxg5 hxg5 27. Bxe4 Nxe4 28.
Qf3 Bf6 29. Nd3 Bxb2 30. Nxb2 f6 31. Re1 Kf8 32. Nd1 Nd6 33. Qxa8 Rxa8 34. Re6 Rd8 35.
Nc3 Kf7 36. Re1 Rd7 37. a4 Nc4 38. b5 Ne5 39. Re3 Ng4 40. Re1 Ne5 41. Rc1 Rd3 42. Rc2 Nf3+ 43. Kg2 Nd4 44. Rc1 Nb3 45. Rc2 Nc5 46.
Kf1 Rd4 47. Ke2 Nxa4 48. Nxa4 Rxa4 49. Rc7+ Kg6 50. Ke3 Ra5 51. f4 gxf4+ 52. gxf4 Rxb5 53. Rxa7 Rb3+ 54. Kf2 Rb4 55. Kg3 Kf5 56. Rxg7 Rb3+ 57. Kf2 Kxf4 58. h4 Rb2+ 59. Kf1 f5 60. h5 Kf3 61. Kg1 f4 62. h6 Rb1+ 63. Kh2 Rb5 64. h7 Rh5+ 65. Kg1 b5 66. Rb7 Kg3 67. Kf1 1-0

[Event "*** Titled Tuesday Blitz"]
[Site "Chess.com"]
[Date "2020.04.28"]
[Round "4"]
[White "Pavlov_Sergey"]
[Black "jlandaw"]
[Result "1-0"]
[WhiteElo "2637"]
[BlackElo "2402"]
[TimeControl "180+1"]
[EndTime "10:42:13 PDT"]
[Termination "Pavlov_Sergey won by resignation"]

1. c4 e5 2. Nc3 Nc6 3. g3 g6 4.
Bg2 Bg7 5. Rb1 d6 6. b4 a6 7. d3 f5 8. Bd2 Nf6 9. Nf3 O-O 10. O-O h6 11. a4 Be6 12. b5 axb5 13. axb5 Ne7 14.
Ne1 c6 15. Nc2 d5 16. bxc6 bxc6 17. cxd5 cxd5 18. Nb5 Qd7 19. Bb4 Rfb8 20. Bd6 Rxb5 21.
Rxb5 Qxd6 22. Qb1 Rc8 23. Rc1 Nc6 24. e3 Nd7 25. Nb4 e4 26. dxe4 fxe4 27. f3 exf3 28. Bxf3 Nf6 29. Nd3 Bf5 30. Qb3 Kh7 31. Nf4 Ne5 32.
Rxc8 Nxf3+ 33. Kf2 Ne4+ 34. Kg2 Bxc8 35. Rxd5 Qa6 36.
Kxf3 Ng5+ 37. Kf2 Bb7 38. Rd7 Ne4+ 39. Kg1 Qa1+ 40. Rd1 Qf6 41. Qxb7 Ng5 42. h4 Nf7 43.
Rd7 Ne5 44. Re7 Ng4 45. Rc7 Qa1+ 46. Kg2 Nxe3+ 47. Kf3 Nf5 48. Ne6 Nd4+ 49. Nxd4 Qxd4 50. Qe4 Qf6+ 51. Kg2 h5 52. Qf4 Qxf4 53. gxf4 Kh6 54. Kf3 Bf6 55. Kg3 Bd8 56. Rc6 Kg7 57. Kh3 Bf6 58.
Kg3 Be7 59. Rc7 Kf6 60. Rb7 Bd6 61. Rb6 Ke6 62. Kf3 Kd5 63. Rb5+ Ke6 64. Rg5 Kf6 65. f5 gxf5 66. Rxh5 Be7 67. Rh7 Bf8 68. Rb7 Kg6 69. Rb6+ Kh5 70. Rf6 Be7 71. Rxf5+ Kxh4 72. Kf4 Bd6+ 73. Kf3 Bc7 74. Rd5 Bb8 75. Rc5 Bd6 76. Rd5 Be7 77. Rd7 Bg5 78. Rh7+ Bh6 79. Rxh6+ Kg5 80. Ra6 Kf5 81. Ra5+ Kg6 82. Kf4 Kg7 83.
Ra6 Kh7 1-0

[Event "*** Titled Tuesday Blitz"]
[Site "Chess.com"]
[Date "2020.04.28"]
[Round "4"]
[White "Revnov"]
[Black "tomsishere"]
[Result "1-0"]
[WhiteElo "2670"]
[BlackElo "2429"]
[TimeControl "180+1"]
[EndTime "10:42:13 PDT"]
[Termination "Revnov won by checkmate"]

1. e4 c5 2. Nf3 e6 3. d4 cxd4 4. Nxd4 Nc6 5. Nb5 d6 6. Bf4 e5 7. Bg5 Qxg5 8. Nc7+ Kd8 9. Nxa8 Nf6 10. Nc3 b6 11. a4 Bb7 12. Nxb6 axb6 13. g3 Be7 14. Bg2 h5 15. h4 Qg4 16. Qd3 Nb4 17.
Qb5 Nxc2+ 18. Kd2 Nxa1 19. Qxb6+ Ke8 20. Qxb7 d5 21. Rxa1 Nxe4+ 22. Nxe4 dxe4 23. Bxe4 f5 24. Qc8+ Bd8 25. Qe6+ Be7 26. Qc6+ Kf8 27. Qc8+ Kf7 28. Qxf5+ Qxf5 29. Bxf5 Bb4+ 30. Kc2 Kf6 31. Bd3 Rc8+ 32. Kb3 Ba5 33. Be2 Rb8+ 34. Bb5 e4 35. Kc4 Ke5 36.
b4 Rc8+ 37. Kb3 Bb6 38. Ra2 Rf8 39. a5 Bxf2 40. Be2 Bxg3 41. b5 Bxh4 42. b6 Bg3 43.
a6 Kd5 44. a7 Kc6 45. a8=Q+ Rxa8 46. Rxa8 Kxb6 47. Bxh5 e3 48. Rg8 Bf2 49. Rxg7 Kc5 50. Rg4 Kd5 51. Kc2 Ke5 52. Ra4 Kf5 53. Be2 Kg5 54. Kd3 Kf5 55. Ra5+ Ke6 56. Ke4 Kd6 57. Ra6+ Kc5 58. Rg6 Kb4 59. Kd4 Kb3 60. Rb6+ Kc2 61. Bd3+ Kd2 62. Rb2+ Kd1 63. Be2+ Kc1 64. Ra2 Be1 65.
Kd3 Bb4 66. Kxe3 Kb1 67. Ra4 Bc3 68. Kd3 Bg7 69. Kc4 Bf6 70. Bd3+ Kc1 71. Ra6 Bb2 72. Re6 Bg7 73. Bh7 Bb2 74. Rg6 Be5 75. Rg2 Bb2 76.
Kb3 Be5 77. Bf5 Bd4 78. Bg4 Bf6 79. Rg3 Bh8 80. Rd3 Be5 81. Rd1# 1-0

[Event "*** Titled Tuesday Blitz"]
[Site "Chess.com"]
[Date "2020.04.28"]
[Round "4"]
[White "awesomevishesh"]
[Black "SanQui14"]
[Result "1-0"]
[WhiteElo "2518"]
[BlackElo "2323"]
[TimeControl "180+1"]
[EndTime "10:42:14 PDT"]
[Termination "awesomevishesh won by checkmate"]

1. d4 Nf6 2. c4 e6 3. g3 d5 4.
Bg2 Be7 5. Nf3 O-O 6. O-O dxc4 7. Qc2 a6 8. a4 Nc6 9. Qxc4 Bd7 10. Nbd2 Rb8 11. a5 Na7 12. Qc2 Bc6 13. Nc4 Nb5 14.
e3 Be4 15. Qe2 Qd5 16. Ncd2 c5 17. Nxe4 Qxe4 18. Rd1 cxd4 19. Nxd4 Qe5 20. Nxb5 Qxb5 21. Qxb5 axb5 22. e4 Rfc8 23. Be3 e5 24. Rac1 Bb4 25. Bb6 Rxc1 26. Rxc1 Nd7 27. Be3 Bxa5 28. Bf1 b4 29. Bb5 Nf6 30. f3 Rd8 31. Kf2 b3 32. Ke2 Bb4 33. Rc4 Bf8 34. Rc3 h5 35.
Rxb3 h4 36. Rd3 Rc8 37. Rc3 Ra8 38. Rb3 h3 39. Bd3 Ra1 40. Kf2 Rh1 41. Bf1 Rxh2+ 42. Kg1 Rc2 43. Bxh3 Rc7 44. Bb6 Rc1+ 45. Kg2 Rc2+ 46.
Kf1 Nh5 47. Bf2 Bc5 48. Be1 b6 49. Rb5 Rc1 50. Ke2 g6 51. b4 Bd4 52. Rd5 Rc2+ 53. Kd3 Rb2 54. Bg4 Nf6 55. Rd8+ Kg7 56. Bh3 Rb3+ 57.
Ke2 Ng8 58. Bf1 Ne7 59. Rd7 Nc6 60. b5 Rxb5 61. Kd1 Rb1+ 62. Kd2 Rb2+ 63. Kd1 Na5 64. Bd3 b5 65. Bc2 b4 66. Rc7 b3 67. Bd3 Rb1+ 68. Bxb1 Bb2 69. Bxa5 Bd4 70. Rb7 b2 71. Kc2 g5 72.
Bc3 g4 73. Bxd4 exd4 74. fxg4 Kg6 75. Rxb2 d3+ 76. Kxd3 Kg5 77. Rf2 Kxg4 78. Rxf7 Kxg3 79. e5 Kg4 80. e6 Kg5 81. e7 Kg6 82. Rf1 Kg7 83.
e8=Q Kh6 84. Qg8 Kh5 85. Rh1# 1-0

[Event "*** Titled Tuesday Blitz"]
[Site "Chess.com"]
[Date "2020.04.28"]
[Round "4"]
[White "AthanasiusLefebvre"]
[Black "Joseph_Truelson"]
[Result "1/2-1/2"]
[WhiteElo "2027"]
[BlackElo "2212"]
[TimeControl "180+1"]
[EndTime "10:42:14 PDT"]
[Termination "Game drawn - insufficient material"]

1. Nf3 Nf6 2. d3 d5 3. g3 Nc6 4.
Bg2 e5 5. O-O Bf5 6. c4 dxc4 7.
dxc4 Bc5 8. Nc3 O-O 9. Bg5 Qxd1 10. Raxd1 Bd6 11. Nb5 Ne4 12. Nxd6 Nxd6 13. Nh4 Be6 14. b3 f6 15. Be3 Kf7 16. Bd5 Bxd5 17. Rxd5 Ke6 18.
Rfd1 Rfd8 19. Ng2 a6 20. Bc5 Ne4 21. Rxd8 Rxd8 22. Rxd8 Nxd8 23. Bf8 g6 24. Bb4 c6 25. Be1 Nf7 26. f3 Ned6 27. e4 Nd8 28. Ne3 Nc8 29. Kf1 Nf7 30. Ke2 Ng5 31. h4 Nf7 32. Bc3 Nfd6 33.
Ng4 Ne7 34. Ke3 b6 35. f4 exf4+ 36. gxf4 f5 37. Ne5 Nxe4 38. Bb4 c5 39. Be1 Nc8 40. Nd3 Ncd6 41. a4 h6 42. a5 bxa5 43. Bxa5 g5 44.
hxg5 hxg5 45. Bb6 g4 46. Nxc5+ Nxc5 47. Bxc5 Ne4 48. Bb6 Kd7 49. b4 Kc6 50. Bd4 g3 51. Kd3 g2 52. Bg1 Ng3 53. Ke3 Nf1+ 54. Kf2 Nd2 55. Kxg2 Nxc4 56. Kg3 Kb5 57. Bc5 Nb6 58.
Bxb6 Kxb6 59. Kh4 Kb5 60. Kg5 Kxb4 61. Kxf5 a5 62. Ke4 a4 63. f5 a3 64. f6 a2 65.
f7 a1=Q 66. f8=Q+ Kb3 67. Qb8+ Kc2 68. Qc7+ Kd2 69. Qd6+ Ke1 70. Qd4 Qa8+ 71. Qd5 Qe8+ 72. Qe5 Qa8+ 73. Kf4+ Kf1 74. Qe3 Qf8+ 75. Kg3 Qg7+ 76.
Kf4 Qh6+ 77. Ke4 Qe6+ 78. Kd3 Qd5+ 79. Qd4 Qf3+ 80. Qe3 Qf5+ 81. Kd2 Qd5+ 82. Qd3+ Qxd3+ 83. Kxd3 1/2-1/2

[Event "*** Titled Tuesday Blitz"]
[Site "Chess.com"]
[Date "2020.04.28"]
[Round "4"]
[White "hongnhung1234"]
[Black "realmadridtv"]
[Result "1-0"]
[WhiteElo "2210"]
[BlackElo "2311"]
[TimeControl "180+1"]
[EndTime "10:42:17 PDT"]
[Termination "hongnhung1234 won by resignation"]

1. e4 e5 2. Nf3 Nc6 3. d4 exd4 4. Nxd4 Nf6 5. Nc3 Bb4 6. Nxc6 bxc6 7. Bd3 d5 8. exd5 O-O 9. O-O Bg4 10. Be2 Bxe2 11. Qxe2 cxd5 12. h3 Bxc3 13. bxc3 Ne4 14. Qd3 Qf6 15.
Ba3 Rfd8 16. c4 Qc6 17. cxd5 Qxd5 18. Rad1 Qxd3 19. cxd3 Nc3 20. Rd2 Nb5 21. Bc5 Rd5 22. d4 Rad8 23. Rb1 Nc3 24. Rb7 Ne4 25. Rc2 Nxc5 26.
Rxc5 Rxd4 27. Rcxc7 Rf4 28. Rxa7 h6 29. g3 Rf6 30.
Rc2 Rd1+ 31. Kg2 Ra1 32. a4 g6 33. a5 Rf5 34. a6 Rf6 35. Ra8+ Kg7 36. a7 Rfa6 37.
Rc7 R1a2 38. Kf3 Rf6+ 39. Ke4 Rfxf2 40. Rb8 Rfe2+ 41. Kd5 Red2+ 42. Kc6 Rdc2+ 43. Kb6 Rxc7 44. Kxc7 Rxa7+ 45. Kd6 Ra3 46. g4 Rxh3 47. Ke5 Re3+ 48. Kf4 Re6 49. Rb7 Kf6 50. Rb5 Ra6 51. Kg3 Ra3+ 52.
Kf2 Rb3 53. Rxb3 Kg5 54. Kg3 f6 55. Rb5+ f5 56. gxf5 gxf5 57. Kh3 h5 58. Rb4 h4 59. Rxh4 f4 60. Rg4+ Kf5 61. Rg8 Ke4 62. Kg4 f3 63. Re8+ Kd3 64. Kxf3 Kd2 65. Re7 Kd1 66. Kf2 Kd2 67.
Rd7+ Kc2 68. Ke3 Kc3 69. Rc7+ Kb4 70. Kd4 Kb5 71. Rc1 Kb6 72. Kd5 Kb5 73. Rb1+ Ka4 74. Kc5 Ka3 75. Rb8 Ka2 76. Kc4 Ka3 77. Rb7 1-0

[Event "*** Titled Tuesday Blitz"]
[Site "Chess.com"]
[Date "2020.04.28"]
[Round "4"]
[White "Pechen_Yeltsina"]
[Black "Titus369"]
[Result "1-0"]
[WhiteElo "2757"]
[BlackElo "2509"]
[TimeControl "180+1"]
[EndTime "10:42:20 PDT"]
[Termination "Pechen_Yeltsina won by resignation"]

1. e4 c5 2. Nf3 d6 3. g3 Nf6 4. d3 g6 5. Bg2 Bg7 6. O-O O-O 7. Nbd2 Nc6 8. a4 a6 9. Nc4 b6 10. e5 Ne8 11. exd6 exd6 12. Bg5 Qc7 13. Re1 Bb7 14. a5 bxa5 15. c3 Nf6 16. Qd2 Rfe8 17. Bh6 d5 18. Bf4 Qd8 19. Nd6 Rxe1+ 20. Rxe1 Bc8 21. Ng5 Be6 22. Nxe6 fxe6 23. Rxe6 Rb8 24. Nf5 gxf5 25. Rxc6 Rc8 26. Rd6 Qe7 27. Rxa6 Re8 28. h3 Qe1+ 29. Qxe1 Rxe1+ 30. Kh2 Re2 31. Be3 Rxb2 32. Rxa5 d4 33. cxd4 cxd4 34. Bxd4 Ng4+ 35.
hxg4 Bxd4 36. gxf5 Rxf2 37. Kh3 Kg7 38. Be4 h5 39. g4 hxg4+ 40. Kxg4 Rf1 41. Rd5 Rg1+ 42. Kh5 Bf6 43. Rd7+ Kf8 44. Rd6 Kg7 45. Rd7+ Kf8 46. Rb7 Rg5+ 47. Kh6 Rg3 48. Rd7 Bg7+ 49. Kh7 Bf6 50. Kh6 Bg7+ 51. Kh5 Bf6 52. Ra7 Rg5+ 53. Kh6 Rg3 54. Kh7 Rg7+ 55. Rxg7 Bxg7 56. Kg6 Bd4 57. f6 Be5 58. Kf5 Bc3 59. Ke6 Bd4 60. Bg6 Bc3 61. Bh5 Bd4 62. f7 Bc3 63. Kd5 Ke7 64. Kc4 Bg7 65. d4 Bf8 66. Kd5 Kd8 67. Ke6 Bg7 68. d5 Bf8 69. d6 Bg7 70. Bf3 Bf8 71.
Bc6 Bg7 72. Bd5 Bf8 73. Bc6 Bg7 74. Ba4 Bf8 75. Bb3 Bg7 76. Bc4 Bf8 77. d7 Be7 78. Bb5 Bf8 79. Kf5 Ke7 80. Kg6 Kd8 81. Kh7 Ba3 82.
Kg7 Be7 83. f8=Q+ Bxf8+ 84. Kxf8 Kc7 85. Ke7 Kb6 86. d8=Q+ Kxb5 87. Qc7 Kb4 88. Qc6 Kb3 89.
Kd6 Kb2 90. Kd5 Kb1 91. Qc3 Ka2 92. Qb4 1-0

[Event "*** Titled Tuesday Blitz"]
[Site "Chess.com"]
[Date "2020.04.28"]
[Round "4"]
[White "enriquetejedor"]
[Black "Maghalashvili"]
[Result "0-1"]
[WhiteElo "2518"]
[BlackElo "2794"]
[TimeControl "180+1"]
[EndTime "10:42:23 PDT"]
[Termination "Maghalashvili won by checkmate"]

1. e4 c5 2. Nf3 d6 3. d4 cxd4 4.
Nxd4 Nf6 5. Nc3 a6 6. f3 e5 7. Nb3 Be6 8. Be3 h5 9. Qd2 Nbd7 10. O-O-O Be7 11. Kb1 Rc8 12. Nd5 Nxd5 13. exd5 Bf5 14.
Bd3 Bxd3 15. Qxd3 Bg5 16. g3 Bxe3 17. Qxe3 Qb6 18. Qg5 g6 19. f4 Qd8 20. Qxd8+ Kxd8 21. Rhf1 exf4 22. Rxf4 Ne5 23. a4 Re8 24. h3 Rc4 25.
Rdd4 Rxd4 26. Nxd4 Ke7 27. b3 f5 28. Ne6 a5 29. h4 Kf6 30. Kc1 Rc8 31. Kd2 Nd7 32.
c4 Ke5 33. Rf3 Nf6 34. Ng5 Ne4+ 35. Nxe4 fxe4 36. Rf7 Kd4 37. Rf6 Re8 38. Ke2 Kc3 39. Rxd6 Kxb3 40. Rb6+ Kxc4 41. Rxb7 Kxd5 42. Rb5+ Kd4 43.
Rxa5 Rc8 44. Ra6 Rc2+ 45. Kf1 Rc1+ 46. Kf2 Rc2+ 47. Kf1 Ra2 48. Rd6+ Ke3 49. Rxg6 Kf3 50. Rf6+ Kxg3 51. Rf5 Kg4 52. Re5 Rxa4 53. Rg5+ Kxh4 54. Rg8 Ra2 55. Rg7 Kh3 56. Re7 Kg3 57. Rg7+ Kf3 58.
Rf7+ Ke3 59. Rh7 Ra1+ 60. Kg2 Ra5 61. Re7 Rg5+ 62. Kf1 h4 63. Rh7 Rg4 64. Ra7 Kf3 65. Rf7+ Rf4 66. Rg7 e3 67. Rg6 h3 68. Rh6 Kg3+ 69.
Kg1 e2 70. Rg6+ Rg4 71. Re6 Kf3+ 72. Kh2 Re4 73. Rf6+ Ke3 74. Kxh3 e1=Q 75. Rg6 Rh4+ 76. Kg2 Qf2# 0-1

[Event "*** Titled Tuesday Blitz"]
[Site "Chess.com"]
[Date "2020.04.28"]
[Round "4"]
[White "Chessmasterzt"]
[Black "JonahWillow"]
[Result "1/2-1/2"]
[WhiteElo "2495"]
[BlackElo "2687"]
[TimeControl "180+1"]
[EndTime "10:42:23 PDT"]
[Termination "Game drawn by repetition"]

1. Nf3 c5 2. c4 Nc6 3. Nc3 g6 4. g3 Bg7 5. Bg2 e6 6. d3 Nge7 7. Bg5 h6 8. Bd2 b6 9. a3 a5 10. h4 Bb7 11. Rb1 O-O 12. Qc1 Kh7 13. h5 g5 14. Bxg5 hxg5 15. h6 Bh8 16. Nxg5+ Kg8 17. h7+ Kg7 18. Nge4 Nf5 19. g4 Nh4 20. Kf1 Ne5 21.
Qf4 Neg6 22. Qg3 Kxh7 23. g5 Be5 24. Rxh4+ Kg7 25. Qh3 Nxh4 26. Qxh4 Rh8 27. Qg4 d5 28.
Ng3 Bxg3 29. Qxg3 Qd7 30. Qe5+ Kg8 31. cxd5 exd5 32. Ke1 Re8 33. Qf4 Qe6 34. Kd2 Qe5 35. Qxe5 Rxe5 36. f4 Re8 37. Nxd5 Bxd5 38. Bxd5 Rh2 39.
Bf3 Rh4 40. e3 Rh3 41. Rf1 Kg7 42. Rf2 f6 43. gxf6+ Kxf6 44. a4 Rd8 45. Be4 Rg8 46.
Re2 Rg1 47. Kc3 Rgg3 48. Kd2 Ke6 49. Bc6 Kd6 50. Bb5 Rg1 51. Bc4 Rf1 52. Kc2 Rff3 53. Kd2 Rfg3 54. Kc2 Rxe3 55. Rxe3 Rxe3 56. f5 Rf3 57. Be6 Ke5 58. Kc3 Rf2 59. b3 Rf3 60.
Kc4 Re3 61. Kb5 Rxd3 62. Kxb6 Kd6 63. Kxa5 Rd4 64. Bc4 Rf4 65. Be6 Rb4 66. Bc4 Rb8 67.
Ka6 Kc6 68. Ka7 Rb7+ 69. Ka6 Rb6+ 70. Ka7 Rb7+ 71. Ka6 Rb8 72. Ka7 Kc7 73. Ka6 Ra8+ 74. Kb5 Kd6 75. Kb6 Rb8+ 76. Ka7 Kc7 77. f6 Rb7+ 78.
Ka8 Rb8+ 79. Ka7 Rb7+ 80. Ka8 Rb8+ 81. Ka7 1/2-1/2